 Dungeon Crawl Stone Soup version 0.32-a0-607-g64ea0e4219 (webtiles) character file.

Game seed: 12083734196344793628

32 Sonnerad the Magician (level 3, -1/28 HPs)
             Began as a Draconian Hedge Wizard on Mar 3, 2024.
             Slain by a ribbon worm (7 damage)
             ... on level 2 of the Dungeon.
             The game lasted 00:01:50 (1284 turns).

Sonnerad the Magician (Draconian Hedge Wizard)      Turns: 1284, Time: 00:01:51

Health: -1/28      AC:  5    Str: 12    XL:     3   Next: 10%
Magic:  2/7        EV: 12    Int: 16    God:
Gold:   26         SH:  0    Dex: 10    Spells: 7/8 levels left

rFire   . . .        a - +0 dagger
rCold   . . .        (no shield)
rNeg    . . .        (body armour unavailable)
rPois   .            b - +0 hat
rElec   .            (no cloak)
rCorr   .            (no gloves)
SInv    .            (no boots)
Will    .....        (no amulet)
Stlth   ++           (no ring)
HPRegen 0.24/turn    (no ring)
MPRegen 0.10/turn

%: no passive effects
@: no status effects
A: AC +5, unfitting armour, cold-blooded
a: no special abilities


You were on level 2 of the Dungeon.
You visited 1 branch of the dungeon, and saw 2 of its levels.

You collected 26 gold pieces.

Inventory:

Hand Weapons
 a - a +0 dagger (weapon)
Armour
 b - a +0 hat (worn)
 j - a +1 pair of gloves
Scrolls
 d - a scroll of revelation {unknown}
 h - a scroll of enchant armour {unknown}
 i - a scroll of identify {unknown}
Potions
 c - 2 potions of magic
 e - a potion of curing {unknown}
 f - 2 potions of enlightenment {unknown}
 g - a potion of haste {unknown}


   Skills:
 + Level 1.1 Fighting
 + Level 2.1 Dodging
 + Level 2.2 Stealth
 + Level 3.2 Spellcasting
 + Level 1.5 Conjurations
 - Level 1.0 Summonings
 - Level 1.0 Translocations


You had 7 spell levels left.
You knew the following spells:

 Your Spells              Type           Power      Damage    Failure   Level
m - Magic Dart            Conj           28%        1d4       10%         1

Your spell library contained the following spells:

 Spells                   Type           Power      Damage    Failure   Level
 Slow                     Hex            8%         N/A       19%         1
 Blink                    Tloc           10%        N/A       19%         2
 Call Imp                 Summ           10%        N/A       19%         2
 Cigotuvi's Dreadful Rot  Necr/Alch/Air  4%         N/A       28%         2
 Mephitic Cloud           Conj/Alch/Air  4%         N/A       41%         3


Dungeon Overview and Level Annotations

Branches:
Dungeon (2/15)

Altars:

Annotations:
D:1 1 transporter


Innate Abilities, Weirdness & Mutations

Your plain brown scales are hard. (AC +5)
You cannot fit into any form of body armour.
You are cold-blooded and may be slowed by cold attacks.


Message History

The ribbon worm bites you.
You hit the ribbon worm but do no damage.
The ribbon worm is moderately wounded.
The ribbon worm bites you.
You hit the ribbon worm.
The ribbon worm is moderately wounded.
The ribbon worm expels a string of sticky webbing.
The stream of webbing misses you.
You hit the ribbon worm.
The ribbon worm is moderately wounded.
You hit the ribbon worm but do no damage.
The ribbon worm is moderately wounded.
The ribbon worm closely misses you.
You hit the ribbon worm but do no damage.
Your tail-slap misses the ribbon worm.
The ribbon worm is moderately wounded.
The ribbon worm bites you.
You hit the ribbon worm.
The ribbon worm is moderately wounded.
The ribbon worm bites you.
You hit the ribbon worm but do no damage.
The ribbon worm is moderately wounded.
The ribbon worm bites you.
* * * LOW HITPOINT WARNING * * *
You hit the ribbon worm.
The ribbon worm is heavily wounded.
You barely miss the ribbon worm.
The ribbon worm is heavily wounded.
The ribbon worm closely misses you.
You hit the ribbon worm.
The ribbon worm is heavily wounded.
The ribbon worm barely misses you.
You hit the ribbon worm. You tail-slap the ribbon worm.
The ribbon worm is severely wounded.
The ribbon worm barely misses you.
You hit the ribbon worm but do no damage.
Your tail-slap misses the ribbon worm.
The ribbon worm is severely wounded.
The ribbon worm bites you!
You die...

### ..#
###?#
#...##.##
#@w...#
####..# #


You could see a ribbon worm.

Vanquished Creatures
  A dart slug (D:1)
  3 bats (D:1)
  2 endoplasms (D:1)
  2 giant cockroaches (D:1)
  5 goblins (D:1)
  4 hobgoblins (D:1)
  A quokka (D:1)
  A ball python (D:1)
  2 frilled lizards (D:1)
  3 kobolds (D:1)
  3 rats (D:1)
27 creatures vanquished.

Notes
Turn   | Place    | Note
-------+----------+-------------------------------------------
     0 | D:1      | Sonnerad the Draconian Hedge Wizard began the quest for the
                  | Orb.
     0 | D:1      | Reached XP level 1. HP: 14/14 MP: 4/4
   289 | D:1      | Reached XP level 2. HP: 18/22 MP: 1/6
   518 | D:1      | Reached skill level 1 in Fighting
   871 | D:1      | Reached XP level 3. HP: 28/28 MP: 3/7
  1284 | D:2      | Slain by a ribbon worm

Illustrated notes

Levels and vault maps discovered:
D:1:      spicycebolla_arrival_transporter_tutorial, layout_loops_cross,
          minmay_domino_4
D:2:      layout_basic, kennysheep_generic_room_12

Skill      XL: |  1  2 |
---------------+-------+-----
Stealth        | 2 |  2.2
Dodging        | 2 |  2.1
Fighting       | 1 |  1.1
Spellcasting   | |  3.2
Conjurations   | |  1.5
Summonings     | |  1.0
Translocations | |  1.0

Action                     || total
---------------------------++-------
  Melee: Dagger            ||    58
         Tailslap          ||     5
   Cast: Magic Dart        ||    60
 Armour: Skin              ||    54
  Dodge: Dodged            ||    46

Table legend: (Time is in decaauts)
 A = Elapsed time spent in this place.
 B = Non-inter-level travel time spent in this place.
 C = Inter-level travel time spent in this place.
 D = Time resting spent in this place.
 E = Time spent auto-exploring this place.
 F = Levels seen in this place.
 G = Mean time per level.
                   A        B        C        D        E       F      G
               +--------+--------+--------+--------+--------+-----+--------+
         Total |   1287 |   1264 |     23 |      0 |   1069 |   2 |  643.5 |
       Dungeon |   1287 |   1264 |     23 |      0 |   1069 |   2 |  643.5 |
               +--------+--------+--------+--------+--------+-----+--------+

Top non-repeatable levels by time:
     D:1: 1262 daAuts
     D:2: 24 daAuts
